 Dungeon Crawl Stone Soup version 0.20-a0-633-gff4aa5c (webtiles) character file.

11344 nikopol the Cleaver (level 11, 0/101 HPs)
             Began as a Minotaur Berserker on Feb 11, 2017.
             Was a High Priest of Trog.
             Killed by drain life
             ... invoked by a soul eater
             ... summoned by an obsidian statue
              (10 damage)
             ... on level 9 of the Dungeon.
             The game lasted 00:40:42 (12931 turns).

nikopol the Cleaver (Minotaur Berserker)           Turns: 12931, Time: 00:40:43

Health: 0/101      AC: 11    Str: 23    XL:     11   Next: 48%
Magic:  10/10      EV: 16    Int:  4    God:    Trog [*****.]
Gold:   553        SH:  0    Dex: 12    Spells: 10/10 levels left

rFire    + . .     SeeInvis .   a - +1 hand axe
rCold    . . .     Gourm    .   d - +3 ring mail {rF+}
rNeg     . . .     Faith    .   (no shield)
rPois    .         Spirit   .   (helmet restricted)
rElec    .         Reflect  .   (no cloak)
rCorr    .         Harm     +   (no gloves)
MR       ++...                  u - +0 pair of boots {Fly}
Stlth    ++........             o - amulet of harm
Regen    1.3/turn               (no ring)
                                L - ring of stealth

@: exhausted, flying, regenerating, slowed, drained, very slow
A: retaliatory headbutt, horns 2
a: Berserk, Trog's Hand, Brothers in Arms, Burn Spellbooks, Renounce Religion,
Stop Flying


You were on level 9 of the Dungeon.
You worshipped Trog.
Trog was extremely pleased with you.
You were very hungry.

You visited 2 branches of the dungeon, and saw 11 of its levels.
You also visited: Sewer.

You collected 553 gold pieces.

Inventory:

Hand Weapons
 a - a +1 hand axe (weapon)
 z - a +0 shortbow
Missiles
 F - 215 arrows
Armour
 b - a +0 animal skin
 d - a +3 ring mail of fire resistance (worn)
 u - a +0 pair of boots of flying (worn)
Jewellery
 o - an amulet of harm (around neck)
 L - a ring of stealth (left hand)
Wands
 w - a wand of enslavement (10/24)
 y - a wand of disintegration (1/24)
 I - a wand of random effects (27/48)
 K - a wand of polymorph (18/24)
 O - a wand of lightning (7/15)
 P - a wand of lightning (9/15)
 Q - a wand of random effects (8/48)
Scrolls
 e - 2 scrolls of enchant weapon
 f - 2 scrolls of identify
 g - a scroll of magic mapping
 i - 4 scrolls of teleportation
 j - 2 scrolls of enchant armour {unknown}
 l - 6 scrolls of remove curse
 p - 3 scrolls of amnesia {unknown}
 q - 2 scrolls of fog {unknown}
 r - a scroll of fear {unknown}
 t - 3 scrolls of recharging {unknown}
 v - 2 scrolls of blinking {unknown}
 C - 2 scrolls of random uselessness {unknown}
 J - a scroll of immolation {unknown}
Potions
 k - 4 potions of brilliance
 m - 3 potions of flight
 s - 3 potions of haste
 x - 2 potions of might
 A - 2 potions of degeneration
 B - a potion of resistance
 E - a potion of curing
 H - 3 potions of heal wounds
 M - a potion of lignification
 N - 2 potions of mutation {unknown}
Comestibles
 c - 9 bread rations
 h - 11 royal jellies
 n - 9 meat rations
 G - 3 fruits


   Skills:
 + Level 10.6(10.2) Fighting
 * Level 11.6(11.3) Axes
 * Level 7.5(7.2) Bows
 + Level 9.8(9.5) Armour
 + Level 9.3(9.0) Dodging


You had 10 spell levels left.
You didn't know any spells.

Dungeon Overview and Level Annotations

Branches:
Dungeon (10/15)            Temple (0/1) D:4            Lair (1/6) D:9
    Orc (0/2) D:10

Altars:
Dithmenos
Nemelex Xobeh
Okawaru
Sif Muna

Shops:
D:5 =   D:6 [   D:8 }

Annotations:
D:9 exclusion: obsidian statue
Lair:1 Gastronok


Innate Abilities, Weirdness & Mutations

You reflexively headbutt those who attack you in melee.
You have a pair of horns on your head.


Message History

The ice devil is almost dead.
You hit the soul eater but do no damage.
The ice devil hits you but does no damage.
The soul eater hits you.
You feel drained.
The obsidian statue's eyes glow briefly.
The soul eater draws from the surrounding life force!
* * * LOW HITPOINT WARNING * * *
The soul eater is healed.
The ice devil hits you but does no damage.
You feel the effects of Trog's Hand fading.
The soul eater barely misses you. The ice devil hits you.
* * * LOW HITPOINT WARNING * * *
The ice devil freezes you!
* * * LOW HITPOINT WARNING * * *
The ice devil misses you. You furiously retaliate!
You headbutt the ice devil, but do no damage.
The obsidian statue slips into the dungeon's darkness for a moment.
The soul eater draws from the surrounding life force!
You die...

...########
#..#..##.#.# #.#..
...# #..#..##.#.#
#.#.. ...#
#..#..##.#.# #.#..
...## #..#...#.#.#
#.#.. ....#
#..#####.#.# #.#..
....# #..# #.#.#
#.#.# ....# #..##
#.#.#####.#.. ....#
#...# #.#.......##.
)#'## #..@##
#.##########. .#.#
#..54###..........<.
.#.#
#...3/.#############
.#'### #....5(!(8#
## .....#
#.....(#### #.
.....# #....### #.
.....# #...## #.
.....# #...# #.
.....# #..## #.


You could see a soul eater, an ice devil and 2 ufetubi.

Vanquished Creatures
  3 two-headed ogres (D:10)
  The ghost of anet the Thaumaturge, a novice DEWz of Ashenzari (D:9)
  Pikel (D:6)
  An ugly thing (D:8)
  The ghost of seren the Poker, an amateur NaFi (D:4)
  Prince Ribbit (D:8)
  2 hippogriffs
  4 hogs (D:7)
  6 yaks (D:10)
  A hungry ghost (D:10)
  A human (D:7)
  A wyvern (D:10)
  2 water moccasins
  4 orc warriors
  2 black bears
  3 sky beasts
  A slave (D:6)
  4 phantoms
  4 ogres
  2 ice beasts
  5 centaurs
  A crocodile (D:9)
  6 bullfrogs
  A gnoll sergeant (D:10)
  A wyvern skeleton (D:8)
  3 scorpions
  2 troll zombies (D:10)
  A water moccasin skeleton (D:5)
  4 killer bees (D:8)
  4 wights (D:10)
  3 howler monkeys
  5 crimson imps
  A bullfrog zombie (D:8)
  6 orc priests
  5 hounds
  2 centaur zombies
  3 jellies
  A bullfrog skeleton (D:6)
  2 centaur skeletons
  2 iguanas
  14 orc wizards
  Ijyb (D:3)
  5 worker ants
  6 ogre zombies (D:10)
  A hound zombie (D:5)
  9 adders
  4 gnolls (D:10)
  7 shadow imps
  2 oozes (D:3)
  An adder zombie (D:5)
  2 adder skeletons
  3 worms
  2 dart slugs
  6 leopard geckos
  32 orcs
  17 bats
  15 giant cockroaches
  4 goblins
  6 hobgoblins
  3 jackals
  8 quokkas
  8 ball pythons
  7 frilled lizards
  4 goblin zombies (D:10)
  A hobgoblin skeleton (D:10)
  2 hobgoblin zombies (D:10)
  A kobold (D:3)
  3 orc skeletons (D:10)
  14 orc zombies (D:10)
  A quokka skeleton (D:3)
  A quokka zombie (D:6)
  11 rats
304 creatures vanquished.

Vanquished Creatures (others)
  A slave (D:6)
  An orc (D:6)
2 creatures vanquished.

Grand Total: 306 creatures vanquished

Notes
Turn   | Place    | Note
-------+----------+-------------------------------------------
     0 | D:1      | nikopol the Minotaur Berserker began the quest for the Orb.
     0 | D:1      | Reached XP level 1. HP: 19/19 MP: 0/0
   107 | D:1      | Reached XP level 2. HP: 27/27 MP: 1/1
   408 | D:2      | Reached ** piety under Trog
   590 | D:2      | Found a deep blue altar of Sif Muna.
   665 | D:2      | Reached XP level 3. HP: 33/33 MP: 2/2
   697 | D:2      | Reached skill level 4 in Axes
  1079 | D:3      | Reached XP level 4. HP: 33/41 MP: 3/3
  1128 | D:3      | Found an iron altar of Okawaru.
  1305 | D:3      | Reached XP level 5. HP: 18/47 MP: 4/4
  2133 | D:3      | Noticed Ijyb
  2142 | D:3      | Killed Ijyb
  2142 | D:3      | Reached skill level 5 in Fighting
  2224 | D:4      | Found a staircase to the Ecumenical Temple.
  2231 | D:4      | Reached *** piety under Trog
  2337 | D:4      | Noticed a phantom
  2364 | D:4      | Killed a phantom
  2364 | D:4      | Reached skill level 5 in Axes
  2364 | D:4      | Reached XP level 6. HP: 41/56 MP: 5/5
  2621 | D:4      | Noticed seren's ghost (amateur NaFi)
  2630 | D:4      | Killed seren's ghost
  2630 | D:4      | Reached skill level 5 in Armour
  2630 | D:4      | Reached XP level 7. HP: 62/62 MP: 6/6
  2693 | D:4      | Found a shadowy altar of Dithmenos.
  2884 | D:5      | Entered Level 5 of the Dungeon
  2905 | D:5      | Reached skill level 5 in Dodging
  2927 | D:5      | Found a glowing drain.
  2950 | Sewer    | Entered a sewer
  3438 | D:5      | Found Gumeomod's Jewellery Shop.
  3485 | D:5      | Reached skill level 6 in Axes
  3502 | D:5      | Reached XP level 8. HP: 39/71 MP: 7/7
  3576 | D:5      | Reached **** piety under Trog
  4068 | D:5      | Reached skill level 7 in Axes
  4445 | D:6      | Found a shadowy altar of Dithmenos.
  4448 | D:6      | Noticed Pikel
  4462 | D:6      | Killed Pikel
  4462 | D:6      | Reached XP level 9. HP: 81/81 MP: 8/8
  4777 | D:6      | Reached skill level 8 in Axes
  5513 | D:6      | Found Xen Sonu's Armour Shoppe.
  5579 | D:6      | Reached skill level 1 in Bows
  6006 | D:7      | Reached ***** piety under Trog
  6006 | D:7      | Received a gift from Trog
  6562 | D:7      | Reached skill level 9 in Axes
  6568 | D:7      | Reached XP level 10. HP: 65/91 MP: 9/9
  7026 | D:8      | Noticed Prince Ribbit
  7096 | D:8      | Received a gift from Trog
  7127 | D:8      | Killed Prince Ribbit
  7826 | D:8      | Noticed a brown ugly thing
  7836 | D:8      | Killed a brown ugly thing
  7836 | D:8      | Received a gift from Trog
  7838 | D:8      | Reached skill level 10 in Axes
  7845 | D:8      | Reached skill level 5 in Bows
  8079 | D:8      | Found Jallat's Gadget Shop.
  8641 | D:9      | Found a staircase to the Lair.
  8750 | D:9      | Noticed anet's ghost (novice DEWz)
  8764 | D:9      | Killed anet's ghost
  8989 | D:9      | Noticed an obsidian statue
  8994 | D:9      | Noticed a sixfirhy
  9478 | D:9      | Found a sparkling altar of Nemelex Xobeh.
  9644 | D:9      | Reached skill level 10 in Fighting
  9704 | Lair:1   | Entered Level 1 of the Lair of Beasts
  9724 | Lair:1   | Noticed Gastronok
 10041 | D:9      | Noticed a smoke demon
 10251 | D:9      | Noticed a smoke demon
 10251 | D:9      | Noticed a smoke demon
 10388 | D:10     | Entered Level 10 of the Dungeon
 10949 | D:10     | Reached XP level 11. HP: 83/99 MP: 10/10
 11201 | D:10     | Received a gift from Trog
 11214 | D:10     | Reached skill level 11 in Axes
 11643 | D:10     | Noticed a two-headed ogre
 11652 | D:10     | Killed a two-headed ogre
 12190 | D:10     | Noticed a two-headed ogre
 12198 | D:10     | Killed a two-headed ogre
 12227 | D:10     | Received a gift from Trog
 12235 | D:10     | Noticed a two-headed ogre
 12248 | D:10     | Killed a two-headed ogre
 12481 | D:10     | Found a staircase to the Orcish Mines.
 12906 | D:9      | Noticed a soul eater
 12931 | D:9      | Killed from afar by a soul eater

Vault maps used:
D:1:      eino_arrival_water_star
D:2:      overflow_temple_1_default
D:3:      okawaru_gym_becter, grunt_decor_resistance, st_stairs_3, uniq_iyjb
D:4:      minmay_temple_entry_purple_smoke, grunt_ministairs_5,
          grunt_dithmenos_smoke
D:5:      serial_shops, shop, first_bread, portal_sewer_entry_b,
          guppyfry_early_orc_mine
D:6:      serial_shops, nicolae_shop_behind_doors, basic_altar,
          minmay_checkerbox, uniq_pikel
D:7:      grunt_livestock, lemuel_flamethrower_2
D:8:      serial_shops, nicolae_shop_statue_plus, roderic_batcave,
          uniq_prince_ribbit1
D:9:      minmay_statue_hallways, nemelex_xobeh_ov_fountains_minmay,
          lair_entry_dummy, minmay_misc_feat_five, st_stairs_12
D:10:     zombieorc2_lemuel
Lair:1:   uniq_gastronok, uniq_grum
Sewer:    sewer_frog_island_01

Skill      XL: |  1  2  3  4  5  6  7  8  9 10 11 |
---------------+----------------------------------+-----
Fighting       | 4 5 6 8 9 10 | 10.6
Armour         | 3 4 5 7 8 9 |  9.8
Axes           | 4 5 6 7 9 10 11 | 11.6
Dodging        | 3 4 5 7 8 9 |  9.3
Bows           | 3 6 7 |  7.5

Action                   |  1- 3 |  4- 6 |  7- 9 | 10-12 || total
-------------------------+-------+-------+-------+-------++-------
Melee: Hand axe          |    69 |    92 |   226 |   294 ||   681
       Headbutt          |     8 |    12 |    49 |    66 ||   135
 Fire: Shortbow          |       |       |    93 |   268 ||   361
Invok: Berserk           |       |     1 |     6 |     6 ||    13
       Trog's Hand       |       |       |       |     1 ||     1
  Use: Scroll            |       |       |     9 |     6 ||    15
  Eat: Chunk             |     1 |     4 |    14 |    21 ||    40
       Bread ration      |       |       |     1 |     1 ||     2
Armor: Ring mail         |    29 |    27 |    79 |   108 ||   243
Dodge: Dodged            |    36 |    49 |   186 |   228 ||   499
